 Dungeon Crawl Stone Soup version 0.19.1 (webtiles) character file.

1435 Alarkh the Slinger (level 9, -9/59 HPs)
             Began as a Halfling Hunter on Nov 27, 2016.
             Was a Follower of Okawaru.
             Mangled by a green ugly thing (12 damage)
             ... on level 6 of the Dungeon.
             The game lasted 00:06:56 (4566 turns).

Alarkh the Slinger (Halfling Hunter)                Turns: 4566, Time: 00:06:57

Health: -9/59      AC:  4    Str: 13    XL:     9   Next: 3%
Magic:  8/9        EV: 17    Int: 12    God:    Okawaru [*.....]
Gold:   233        SH:  0    Dex: 15    Spells: 0 memorised, 8 levels left

rFire  . . .     SeeInvis .     b - +2 hunting sling
rCold  . . .     Gourm    .     c - +0 leather armour
rNeg   . . .     Faith    .     (shield restricted)
rPois  .         Spirit   .     (no helmet)
rElec  .         Reflect  .     s - -1 cloak (curse)
rCorr  .         Harm     .     q - +0 pair of gloves
MR     .....                    (no boots)
Stlth  ++........               (no amulet)
                                (no ring)
                                (no ring)

@: lethally poisoned (-9 -> -44)
A: mutation resistance 1
a: Heroism, Renounce Religion


You were on level 6 of the Dungeon.
You worshipped Okawaru.
Okawaru was aware of your devotion.
You were hungry.

You visited 2 branches of the dungeon, and saw 7 of its levels.

You collected 233 gold pieces.

Inventory:

Hand Weapons
 a - a +0 rapier of electrocution
 b - a +2 hunting sling (weapon)
 t - a +0 short sword
Missiles
 d - 45 stones (quivered)
Armour
 c - a +0 leather armour (worn)
 q - a +0 pair of gloves (worn)
 s - a cursed -1 cloak (worn)
Jewellery
 H - a +3 ring of evasion {unknown}
Wands
 w - a wand of confusion (36/48)
 y - a wand of polymorph (11/24)
 D - a wand of lightning (11/15)
Scrolls
 e - a scroll of identify
 m - 2 scrolls of teleportation
 o - 2 scrolls of enchant weapon
 p - a scroll of amnesia
 u - 2 scrolls of immolation {unknown}
 x - a scroll of magic mapping {unknown}
 A - a scroll of noise {unknown}
 B - a scroll of enchant armour {unknown}
 C - a scroll of blinking {unknown}
 E - 2 scrolls of remove curse {unknown}
Potions
 i - 4 potions of curing
 j - 2 potions of haste
 k - 3 potions of agility
 n - 6 potions of lignification
 r - a potion of heal wounds {unknown}
 z - a potion of resistance {unknown}
 F - a potion of might {unknown}
Books
 h - a book of Minor Magic

   Spells                             Type                      Level
   a - Magic Dart                     Conjuration                  1
   b - Blink                          Translocation                2
   c - Call Imp                       Summoning                    2
   d - Repel Missiles                 Charms/Air                   2
   e - Slow                           Hexes                        2
   f - Conjure Flame                  Conjuration/Fire             3
   g - Mephitic Cloud                 Conjuration/Poison/Air       3
Comestibles
 f - 4 bread rations
 g - 4 beef jerkies
 l - 4 meat rations
 v - 2 slices of pizza
 G - 3 fruits


   Skills:
 + Level 4.3 Fighting
 * Level 12.8 Slings
 + Level 5.2 Dodging
 - Level 1.1 Stealth


You had 8 spell levels left.
You didn't know any spells.

Dungeon Overview and Level Annotations

Branches:
Dungeon (6/15)             Temple (1/1) D:4

Altars:
Ashenzari
Cheibriados
Dithmenos
Fedhas
Hepliaklqana
Kikubaaqudgha
Makhleb
Nemelex Xobeh
Okawaru
Qazlal
Ru
Sif Muna
Trog
Uskayaw
Vehumet
Xom
Yredelemnul
Lugonu

Annotations:
D:6 Prince Ribbit


Innate Abilities, Weirdness & Mutations

You are small and have problems with some larger weapons.
You are somewhat resistant to further mutation.


Message History

The stone hits the green ugly thing but does no damage.
The green ugly thing is moderately wounded.
* * * LOW HITPOINT WARNING * * *
You feel very sick. The green ugly thing barely misses you.
Firing (i - inventory):
d - 47 stones (quivered)
Press: ? - help, Shift-Dir - straight line, f/p - green ugly thing
Aim: a green ugly thing (moderately wounded)
You shoot a stone.
The stone barely misses the green ugly thing.
* * * LOW HITPOINT WARNING * * *
You feel sick.
Firing (i - inventory):
d - 46 stones (quivered)
Press: ? - help, Shift-Dir - straight line, f/p - green ugly thing
Aim: a green ugly thing (moderately wounded)
You shoot a stone. The stone hits the green ugly thing.
The green ugly thing is heavily wounded.
* * * LOW HITPOINT WARNING * * *
You feel sick. The green ugly thing claws you!
You die...

### #......#
###.##.#
#.##.#
#.##.#
#.##.#
#.##.#
#.##.#
#.##.#
#@##.#
.....(u.##.#
....######.#
(( #.#
######.#
#......#
########


You could see a green ugly thing.

Vanquished Creatures
  A steam dragon (D:6)
  An orc warrior (D:6)
  A phantom (D:4)
  4 ogres
  A centaur (D:6)
  2 scorpions
  3 hounds
  3 orc wizards
  2 bullfrog skeletons
  A jelly (D:5)
  An iguana (D:6)
  3 worker ants
  3 gnolls (D:3)
  10 adders
  5 worms
  A leopard gecko (D:1)
  11 orcs
  7 giant cockroaches
  17 goblins
  12 hobgoblins
  9 jackals (D:2)
  2 quokkas
  7 ball pythons
  A ball python skeleton (D:4)
  18 bats
  8 frilled lizards
  5 kobolds
  5 rats
  A spectral orc (D:3)
  A fungus (D:4)
  A plant (D:4)
147 creatures vanquished.

Notes
Turn   | Place    | Note
-------+----------+-------------------------------------------
     0 | D:1      | Alarkh the Halfling Hunter began the quest for the Orb.
     0 | D:1      | Reached XP level 1. HP: 14/14 MP: 1/1
    30 | D:1      | Reached skill level 6 in Slings
   120 | D:1      | Reached XP level 2. HP: 19/19 MP: 2/2
   243 | D:1      | Found a shimmering altar of Xom.
   428 | D:1      | Reached skill level 7 in Slings
   428 | D:1      | Reached XP level 3. HP: 24/24 MP: 3/3
   702 | D:2      | Found a radiant altar of Vehumet.
   831 | D:2      | Reached XP level 4. HP: 23/29 MP: 4/4
   873 | D:2      | Found a sparkling altar of Nemelex Xobeh.
   885 | D:2      | Found a shimmering altar of Xom.
   895 | D:2      | Reached skill level 8 in Slings
  1264 | D:3      | Found a basalt altar of Yredelemnul.
  1294 | D:3      | Noticed an ogre
  1317 | D:3      | Killed an ogre
  1317 | D:3      | Reached skill level 9 in Slings
  1317 | D:3      | Reached XP level 5. HP: 31/34 MP: 5/5
  1387 | D:3      | Found a hide-covered altar of Uskayaw.
  1392 | D:3      | Found an ancient bone altar of Kikubaaqudgha.
  1407 | D:3      | Reached XP level 6. HP: 39/39 MP: 6/6
  1582 | D:3      | Found a sacrificial altar of Ru.
  1703 | D:3      | Reached skill level 10 in Slings
  2178 | D:4      | Noticed a phantom
  2194 | D:4      | Killed a phantom
  2194 | D:4      | Reached XP level 7. HP: 45/45 MP: 7/7
  2253 | D:4      | Found a staircase to the Ecumenical Temple.
  2272 | Temple   | Entered the Ecumenical Temple
  2310 | Temple   | Became a worshipper of Warmaster Okawaru
  2850 | D:4      | Found a bloodstained altar of Trog.
  2986 | D:4      | Reached skill level 11 in Slings
  3058 | D:5      | Entered Level 5 of the Dungeon
  3282 | D:5      | Reached * piety under Okawaru
  3282 | D:5      | Reached XP level 8. HP: 52/52 MP: 8/8
  3353 | D:5      | Found a blossoming altar of Fedhas.
  3651 | D:6      | Reached skill level 12 in Slings
  3953 | D:6      | Noticed Prince Ribbit
  4350 | D:6      | Reached skill level 5 in Dodging
  4446 | D:6      | Reached XP level 9. HP: 28/59 MP: 9/9
  4539 | D:6      | Noticed a green ugly thing
  4566 | D:6      | Mangled by a green ugly thing

Skill      XL: |  1  2  3  4  5  6  7  8 |
---------------+-------------------------+-----
Slings         | 6 7 9 10 11 12 | 12.8
Fighting       | 2 3 4 |  4.3
Dodging        | 3 4 5 |  5.2
Stealth        | |  1.1

Action                   |  1- 3 |  4- 6 |  7- 9 || total
-------------------------+-------+-------+-------++-------
Melee: Rapier            |       |       |    20 ||    20
 Fire: Hunting sling     |   104 |   225 |   218 ||   547
Invok: Heroism           |       |       |     3 ||     3
  Use: Scroll            |       |     4 |     3 ||     7
       Potion            |       |       |     1 ||     1
  Eat: Chunk             |       |     3 |     7 ||    10
Armor: Leather armour    |     3 |    10 |    12 ||    25
Dodge: Dodged            |    12 |    42 |    48 ||   102
